 Dungeon Crawl Stone Soup version 0.23-a0-109-g5e4b187 (webtiles) character file.

1323 GrunderHorse the Spear-Bearer (level 8, -2/60 HPs)
             Began as a Merfolk Ice Elementalist on Aug 22, 2018.
             Was a Priest of Jiyva.
             Slain by a killer bee (4 damage)
             ... on level 7 of the Dungeon.
             The game lasted 00:20:00 (7761 turns).

GrunderHorse the Spear-Bearer (MfIE)                Turns: 7761, Time: 00:20:00

Health: -2/60      AC:  3    Str:  9    XL:     8   Next: 59%
Magic:  15/20      EV: 16    Int: 13    God:    Jiyva [***...]
Gold:   324        SH:  0    Dex: 17    Spells: 7/11 levels left

rFire    . . .     SeeInvis +   i - +1 spear
rCold    . . .     Gourm    +   (no shield)
rNeg     . . .     Faith    .   a - +1 robe
rPois    .         Spirit   .   (no helmet)
rElec    .         Reflect  .   (no cloak)
rCorr    +         Harm     .   (no gloves)
MR       .....                  (no boots)
Stlth    ++........             o - amulet of the gourmand
HPRegen  0.20/turn              m - ring of see invisible
MPRegen  0.17/turn              r - ring of magical power

@: lethally poisoned (-2 -> -3)
A: change form in water, swift swim, stealthy swim
a: Request Jelly, Renounce Religion


You were on level 7 of the Dungeon.
You worshipped Jiyva.
Jiyva was most pleased with you.
You were completely stuffed.

You visited 2 branches of the dungeon, and saw 8 of its levels.

You collected 324 gold pieces.

Inventory:

Hand Weapons
 i - a +1 spear (weapon)
Missiles
 g - 3 tomahawks (quivered)
Armour
 a - a +1 robe (worn)
Magical Staves
 p - an uncursed staff of conjuration {unknown}
Jewellery
 f - an uncursed amulet of guardian spirit {unknown}
 m - a ring of see invisible (left hand)
 o - an amulet of the gourmand (around neck)
 r - a ring of magical power (right hand)
Wands
 n - a wand of polymorph (10)
Scrolls
 b - 2 scrolls of fear
 h - a scroll of amnesia
 j - 8 scrolls of identify
 k - 3 scrolls of teleportation
 s - 2 scrolls of remove curse
Potions
 d - a potion of flight
 e - 2 potions of curing
 l - a potion of haste
Comestibles
 c - 13 rations
 q - 7 chunks of flesh


   Skills:
 - Level 4.0 Fighting
 + Level 11.4 Polearms
 - Level 6.1 Dodging
 - Level 2.1 Stealth
 - Level 2.1 Spellcasting
   Level 0.7 Conjurations
 - Level 3.4 Ice Magic


You had 7 spell levels left.
You knew the following spells:

 Your Spells              Type           Power        Failure   Level  Hunger
a - Freeze                Ice            ##..         6%          1    ##.....
b - Ozocubu's Armour      Chrm/Ice       #.......     36%         3    ####...

Your spell library contained the following spells:

 Spells                   Type           Power        Failure   Level  Hunger
 Throw Frost              Conj/Ice       #.....       16%         2    ###....
 Shock                    Conj/Air       #...         22%         1    ##.....
 Swiftness                Chrm/Air       #.......     36%         2    ###....
 Static Discharge         Conj/Air       #.......     54%         3    ####...
 Throw Icicle             Conj/Ice       #.......     71%         4    #####..
 Summon Ice Beast         Ice/Summ       #.......     77%         4    #####..
 Airstrike                Air            #.........   94%         4    #####..
 Lightning Bolt           Conj/Air       #.........   99%         5    ######.


Dungeon Overview and Level Annotations

Branches:
Dungeon (7/15)             Temple (1/1) D:5

Altars:
Ashenzari
Cheibriados
Dithmenos
Elyvilon
Kikubaaqudgha
Nemelex Xobeh
Okawaru
Sif Muna
Vehumet
Xom
Zin
Jiyva


Message History

Confirm with . or Enter, or press ? or * to list all spells.
Aiming: Freeze (safe; 6% risk of failure)
Press: ? - help, Shift-Dir - straight line, f/p - killer bee
Aim: a killer bee (severely wounded)
You freeze the killer bee.
The killer bee is severely wounded.
The killer bee barely misses you. The killer bee stings you!
* * * LOW HITPOINT WARNING * * *
You are poisoned.
The killer bee poisons you!
Casting: Freeze (safe; 6% risk of failure)
Confirm with . or Enter, or press ? or * to list all spells.
Aiming: Freeze (safe; 6% risk of failure)
Press: ? - help, Shift-Dir - straight line, f/p - killer bee
Aim: a killer bee (severely wounded)
You freeze the killer bee.
The killer bee is almost dead.
* * * LOW HITPOINT WARNING * * *
You feel sick. The killer bee completely misses you. The killer bee stings you.
You die...

........J####.#
##.#...........y
#.......<.......
#..#####.#
#.J......#
##.####### #.#
#y# #@####
#....# ####.#
#.# #.# #.# #.#
#.# #.#


You could see a killer bee and a neutral jelly (fellow slime).

Vanquished Creatures
  2 ogres
  A centaur (D:6)
  Blork the orc (D:4)
  A bullfrog (D:7)
  Dowan (D:6)
  4 orc wizards
  4 orc priests (D:5)
  5 hounds
  An iguana (D:3)
  9 worker ants
  A hound zombie (D:5)
  A mummy (D:6)
  A hound skeleton (D:7)
  4 gnolls
  7 adders
  A shadow imp (D:5)
  2 oozes (D:1)
  An adder skeleton (D:4)
  2 worms
  2 dart slugs (D:1)
  2 leopard geckos
  17 orcs
  6 giant cockroaches
  8 goblins
  5 hobgoblins
  4 quokkas
  3 ball pythons
  7 bats
  5 frilled lizards
  A giant cockroach zombie (D:5)
  7 kobolds
  A leopard gecko skeleton (D:5)
  9 rats
126 creatures vanquished.

Vanquished Creatures (others)
  Duvessa (D:6)
  An orc warrior (D:7)
  An ogre (D:7)
  A bullfrog (D:6)
  11 jellies
  A worker ant (D:7)
  2 orcs (D:7)
  A goblin (D:3)
  2 quokkas (D:7)
21 creatures vanquished.

Grand Total: 147 creatures vanquished

Notes
Turn   | Place    | Note
-------+----------+-------------------------------------------
     0 | D:1      | GrunderHorse the Merfolk Ice Elementalist began the quest for the Orb.
     0 | D:1      | Reached XP level 1. HP: 13/13 MP: 3/3
   354 | D:1      | Reached XP level 2. HP: 17/19 MP: 3/5
   434 | D:1      | Reached skill level 1 in Polearms
   797 | D:1      | Reached skill level 1 in Fighting
   851 | D:1      | Reached XP level 3. HP: 26/26 MP: 6/6
  1056 | D:1      | Reached skill level 2 in Polearms
  1293 | D:2      | Learned a level 3 spell: Ozocubu's Armour
  1328 | D:2      | Found an iron altar of Okawaru.
  1352 | D:2      | Reached XP level 4. HP: 18/33 MP: 1/7
  1992 | D:2      | Found a shattered altar of Ashenzari.
  2054 | D:2      | Reached skill level 3 in Polearms
  2408 | D:2      | Found a faded altar of an unknown god.
  2737 | D:3      | Reached XP level 5. HP: 38/39 MP: 8/8
  3323 | D:3      | Noticed an ogre
  3351 | D:3      | Killed an ogre
  3351 | D:3      | Reached skill level 4 in Polearms
  3351 | D:3      | Reached skill level 5 in Dodging
  3351 | D:3      | Reached XP level 6. HP: 47/47 MP: 3/9
  3507 | D:3      | Found a white marble altar of Elyvilon.
  3838 | D:4      | Noticed Blork the orc
  3863 | D:4      | Killed Blork the orc
  3915 | D:4      | Found a shimmering altar of Xom.
  3947 | D:4      | Reached skill level 5 in Polearms
  4324 | D:4      | Reached XP level 7. HP: 46/54 MP: 7/10
  4641 | D:4      | Reached skill level 6 in Polearms
  4988 | D:5      | Entered Level 5 of the Dungeon
  5032 | D:5      | Reached skill level 7 in Polearms
  5349 | D:5      | Reached skill level 8 in Polearms
  5666 | D:5      | Found a staircase to the Ecumenical Temple.
  5797 | Temple   | Entered the Ecumenical Temple
  5813 | Temple   | Became a worshipper of Jiyva Jafot the Shapeless
  6106 | D:5      | Reached skill level 9 in Polearms
  6106 | D:5      | Reached XP level 8. HP: 48/60 MP: 11/11
  6139 | D:5      | Reached * piety under Jiyva
  6193 | D:5      | Found a shadowy altar of Dithmenos.
  6474 | D:5      | Found an ancient bone altar of Kikubaaqudgha.
  6754 | D:6      | Found a radiant altar of Vehumet.
  6960 | D:6      | Noticed Dowan
  6972 | D:6      | Noticed Duvessa
  7083 | D:6      | Found a snail-covered altar of Cheibriados.
  7171 | D:6      | Reached skill level 10 in Polearms
  7256 | D:6      | Killed Dowan
  7285 | D:3      | Reached ** piety under Jiyva
  7432 | D:6      | Killed Duvessa
  7704 | D:7      | Reached *** piety under Jiyva
  7713 | D:7      | Reached skill level 11 in Polearms
  7760 | D:7      | HP: 3/60 [killer bee (9)]
  7761 | D:7      | Slain by a killer bee

Vault maps used:
D:1:      matt_arrival_diagonals, grunt_decor_cap, minmay_distorted
D:2:      lemuel_crystal_altar, nicolae_overflow_crystal_walls,
          chequers_ecumenical_altar_island
D:3:      elyvilon_altar_4, first_ration
D:4:      lemuel_crystal_altar, uniq_blork_the_orc
D:5:      nicolae_overflow_hidden_temple, temple_doors_e,
          nicolae_dithmenos_shadow_blocks
D:6:      fiery_altar_vehumet, slow_altar_2, uniq_duvessa
D:7:      nicolae_whirlpool, makhleb_grotto_becter
Temple:   pf_slime_end_temple

Skill      XL: |  1  2  3  4  5  6  7  8 |
---------------+-------------------------+-----
Dodging        | 3 4 5 6 |  6.1
Polearms       | 1 2 3 4 5 9 11 | 11.4
Fighting       | 1 2 3 4 |  4.0
Stealth        | |  2.1
Spellcasting   | |  2.1
Conjurations   | |  0.7
Ice Magic      | |  3.4

Action                   |  1- 3 |  4- 6 |  7- 9 || total
-------------------------+-------+-------+-------++-------
Melee: Spear             |    82 |   263 |   389 ||   734
       Club              |     5 |       |       ||     5
Throw: Tomahawk          |       |       |     2 ||     2
 Cast: Freeze            |    16 |    17 |     9 ||    42
       Ozocubu's Armour  |     1 |     8 |    15 ||    24
  Use: Potion            |     1 |     3 |     3 ||     7
       Scroll            |       |     4 |     7 ||    11
 Stab: Sleeping          |     9 |     8 |     5 ||    22
       Distracted        |       |       |     1 ||     1
  Eat: Chunk             |     2 |    22 |    12 ||    36
Armor: Robe              |    11 |    35 |    49 ||    95
       Skin              |       |     8 |       ||     8
Dodge: Dodged            |    64 |   170 |   246 ||   480

Table legend:
 A = Non-vault XP
 B = Vault XP
 C = Vault XP percentage of total XP
 D = Non-vault monster count
 E = Vault monster count
 F = Vault count percentage of total count
                 A         B        C        D         E       F
            +---------+---------+-------+---------+---------+-------
      Total |    1738 |     153 |   8.1 |     122 |       5 |   3.9
            +---------+---------+-------+---------+---------+-------
        D:1 |      41 |      18 |  30.5 |      19 |       2 |   9.5
        D:2 |      90 |       0 |   0.0 |      26 |       0 |   0.0
        D:3 |     233 |       0 |   0.0 |      19 |       0 |   0.0
        D:4 |     301 |     100 |  24.9 |      16 |       1 |   5.9
        D:5 |     541 |       0 |   0.0 |      31 |       0 |   0.0
        D:6 |     299 |      35 |  10.5 |       5 |       2 |  28.6
        D:7 |     233 |       0 |   0.0 |       6 |       0 |   0.0
            +---------+---------+-------+---------+---------+-------
